 Dungeon Crawl Stone Soup version 0.22.1-2-g9c5b331 (webtiles) character file.

2909 Torikoriko the Covert (level 9, -2/57 HPs)
             Began as a Vampire Enchanter on Nov 24, 2018.
             Was a Believer of Ru.
             Killed from afar by Erica (26 damage)
             ... with an orb of energy
             ... on level 7 of the Dungeon.
             The game lasted 00:52:54 (12945 turns).

Torikoriko the Covert (Vampire Enchanter)          Turns: 12945, Time: 00:52:56

Health: -2/57      AC:  0    Str:  7    XL:     9   Next: 49%
Magic:  6/16       EV: 21    Int: 18    God:    Ru [**....]
Gold:   348        SH:  0    Dex: 22    Spells: 7/17 levels left

rFire    . . .     SeeInvis +   (weapon currently unavailable)
rCold    + + .     Gourm    .   (shield currently unavailable)
rNeg     + + +     Faith    .   (armour currently unavailable)
rPois    ∞         Spirit   .   (helmet currently unavailable)
rElec    .         Reflect  .   (cloak currently unavailable)
rCorr    .         Harm     .   (gloves currently unavailable)
MR       .....                  (boots currently unavailable)
Stlth    ++++++....             (no amulet)
HPRegen  0.00/turn              (ring currently unavailable)
MPRegen  0.15/turn              (ring currently unavailable)

@: bat-form, flying, bloodless, non-regenerating, very quick
A: tiny, fangs 3, see invisible, inability to use devices
a: End Transformation, Renounce Religion


You were on level 7 of the Dungeon.
You worshipped Ru.
Ru was pleased with you.
You were bloodless.
You were in vampire-bat-form.
You visited 2 branches of the dungeon, and saw 9 of its levels.

You collected 348 gold pieces.

Inventory:

Hand Weapons
 a - a +0 dagger of venom (melded)
 j - a +0 hand crossbow
Missiles
 k - 7 javelins
 s - 35 bolts
 w - 3 steel tomahawks (quivered)
Armour
 n - a +0 helmet (melded)
 x - a +2 ring mail of fire resistance
 y - a +4 ring mail (melded)
Jewellery
 A - an uncursed ring of stealth {unknown}
Scrolls
 i - 6 scrolls of identify
 o - 4 scrolls of teleportation
 B - 2 scrolls of magic mapping
Potions
 d - 2 potions of heal wounds {unknown}
 f - 3 potions of resistance
 h - a potion of mutation
 l - 2 potions of flight {unknown}
 p - 5 potions of curing
 q - 7 potions of blood
 r - a potion of degeneration {unknown}
 t - 2 potions of agility
 v - 2 potions of might {unknown}
 z - a potion of magic {unknown}
 C - a potion of lignification {unknown}
 D - a potion of haste {unknown}
 E - a potion of cancellation {unknown}


   Skills:
 * Level 7.8 Short Blades
 - Level 5.0 Armour
 - Level 3.0 Dodging
 + Level 8.8 Stealth
 + Level 4.9 Spellcasting
 - Level 8.0 Hexes
 - Level 3.0 Ice Magic


You had 7 spell levels left.
You knew the following spells:

 Your Spells              Type           Power        Failure   Level  Hunger
b - Ensorcelled Hibernat  Hex/Ice        ###...       2%          2    #......
c - Confuse               Hex            ####....     1%          3    ###....
d - Tukima's Dance        Hex            ####....     1%          3    ###....
e - Blink                 Tloc           N/A          21%         2    #......

Your spell library contained the following spells:

 Spells                   Type           Power        Failure   Level  Hunger
 Corona                   Hex            ####...      1%          1    None
 Slow                     Hex            ####....     1%          2    #......
 Dazzling Spray           Conj/Hex       ###...       8%          3    ###....
 Magic Dart               Conj           #...         14%         1    None
 Call Imp                 Summ           #.......     21%         2    #......
 Conjure Flame            Conj/Fire      #.......     38%         3    ###....
 Mephitic Cloud           Conj/Pois/Air  #.......     38%         3    ###....


Dungeon Overview and Level Annotations

Branches:
Dungeon (8/15)             Temple (1/1) D:5
   Lair: D:8-11

Altars:
Ashenzari
Cheibriados
Elyvilon
Fedhas
Gozag
Hepliaklqana
Kikubaaqudgha
Nemelex Xobeh
Okawaru
Qazlal
Ru
Sif Muna
Trog
Uskayaw
Vehumet
Wu Jian
Xom
Yredelemnul
Zin
The Shining One

Annotations:
D:6 Bodigarde's ghost, novice DDMo
D:7 Erica
D:8 Gastronok


Innate Abilities, Weirdness & Mutations

You do not heal naturally.
You are immune to poison.
You have razor-sharp teeth.
You have supernaturally acute eyesight. (SInv)
((You can survive without breathing.))
You cannot study or use magical devices.


Message History

There is a stone staircase leading down here.
Casting: Confuse (safe; 4% risk of failure)
Confirm with . or Enter, or press ? or * to list all spells.
Aiming: Confuse (safe; 4% risk of failure)
Press: ? - help, Shift-Dir - straight line, f - Erica
Aim: Erica, wielding a scimitar of flaming and wearing a runed robe (chance to Erica easily resists.
Erica casts a spell at you. The orb of energy hits you!
The orb of energy explodes!
Things that are here:
a leather armour; a dagger
Okay, then.
Okay, then.
You turn into a vampire bat.
Your +0 dagger of venom melds into your body.
Your +0 helmet melds into your body.
Your +4 ring mail melds into your body.
Your +0 dagger of venom stops dripping with poison.
Erica points at you and mumbles some strange words.
The orb of energy hits you!
You die...

..#...'............#
..#####............#
###...#............#
.#....#............#
.#....#............#
##....#............#
##....#............#
##....#............#
.#....#.........b..#
.#....'........[@..#
.#....#............#
#######........%...#
####..#............#
...+..#............#
...#..#............#
..##..#............#
..##..#............#


You could see Erica.

Vanquished Creatures
  Prince Ribbit (D:8)
  Sigmund (D:6)
  A hungry ghost (D:7)
  Menkaure (D:6)
  An ice beast (D:7)
  A phantom (D:7)
  3 sky beasts
  2 ogres
  2 centaurs
  4 bullfrogs
  4 scorpions
  2 howler monkeys (D:5)
  A crimson imp (D:5)
  A bullfrog zombie (D:7)
  2 jellies
  3 hounds
  4 orc priests
  2 bullfrog skeletons
  3 orc wizards
  2 centaur skeletons
  2 gnoll shamans (D:5)
  An iguana (D:4)
  4 worker ants
  A worker ant zombie (D:6)
  Robin (D:2)
  11 gnolls
  5 adders
  A shadow imp (D:7)
  An adder skeleton (D:4)
  A worm (D:2)
  3 dart slugs
  3 leopard geckos
  21 orcs
  A ball python (D:5)
  6 giant cockroaches
  15 goblins
  11 hobgoblins
  13 jackals
  3 kobolds
  A quokka (D:7)
  9 bats
  3 frilled lizards
  A jackal skeleton (D:4)
  A jackal zombie (D:7)
  12 rats
172 creatures vanquished.

Vanquished Creatures (collateral kills)
  2 orcs
  A frilled lizard (D:5)
3 creatures vanquished.

Vanquished Creatures (others)
  An orc (D:5)
1 creature vanquished.

Grand Total: 176 creatures vanquished

Notes
Turn   | Place    | Note
-------+----------+-------------------------------------------
     0 | D:1      | Torikoriko the Vampire Enchanter began the quest for the
                  | Orb.
     0 | D:1      | Reached XP level 1. HP: 13/13 MP: 3/3
   556 | D:1      | Reached XP level 2. HP: 14/19 MP: 3/5
   603 | D:1      | Learned a level 2 spell: Ensorcelled Hibernation
   949 | D:1      | Reached XP level 3. HP: 24/24 MP: 6/6
  1382 | D:2      | Learned a level 3 spell: Confuse
  1649 | D:2      | Noticed Robin
  1967 | D:2      | Found an ancient bone altar of Kikubaaqudgha.
  1968 | D:2      | Reached skill level 5 in Hexes
  2095 | D:2      | Reached skill level 5 in Stealth
  2354 | D:2      | Reached XP level 4. HP: 23/30 MP: 2/7
  2880 | D:2      | Killed Robin
  3314 | D:2      | Found an ancient bone altar of Kikubaaqudgha.
  4473 | D:4      | Reached XP level 5. HP: 35/35 MP: 4/9
  4561 | D:4      | Reached skill level 1 in Ice Magic
  4640 | D:4      | Reached skill level 1 in Armour
  4653 | D:4      | Found a sacrificial altar of Ru.
  4685 | D:4      | Became a worshipper of Ru the Awakened
  4794 | D:3      | Reached XP level 6. HP: 25/41 MP: 0/10
  5327 | D:4      | Learned a level 3 spell: Tukima's Dance
  6963 | D:4      | Reached XP level 7. HP: 46/46 MP: 5/11
  7032 | D:4      | Learned a level 2 spell: Blink
  7254 | D:5      | Entered Level 5 of the Dungeon
  7404 | D:5      | Gained mutation: You cannot study or use magical devices.
                  | [Ru sacrifice]
  7404 | D:5      | Reached * piety under Ru
  7404 | D:5      | Reached ** piety under Ru
  7991 | D:5      | Found an ornate altar of the Wu Jian Council.
  8006 | D:5      | Found a blossoming altar of Fedhas.
  8264 | D:5      | Reached skill level 5 in Short Blades
  9189 | D:5      | Found a shattered altar of Ashenzari.
  9398 | D:5      | Found a staircase to the Ecumenical Temple.
  9407 | Temple   | Entered the Ecumenical Temple
  9560 | D:6      | Reached XP level 8. HP: 52/52 MP: 8/13
  9681 | D:6      | Noticed Sigmund
  9687 | D:6      | Noticed Menkaure
  9688 | D:6      | Killed Sigmund
  9695 | D:6      | Killed Menkaure
  9972 | D:6      | Found a runed door.
  9972 | D:6      | Noticed Bodigarde's ghost (novice DDMo)
 11546 | D:7      | Reached XP level 9. HP: 57/57 MP: 8/15
 11579 | D:7      | Found a hide-covered altar of Uskayaw.
 11746 | D:7      | Found a deep blue altar of Sif Muna.
 12044 | D:8      | Noticed Prince Ribbit
 12047 | D:8      | Killed Prince Ribbit
 12054 | D:8      | Noticed Erica
 12094 | D:8      | Reached skill level 5 in Armour
 12106 | D:8      | Noticed Gastronok
 12119 | D:8      | Noticed a troll
 12945 | D:7      | Killed from afar by Erica

Skill      XL: |  1  2  3  4  5  6  7  8  9 |
---------------+----------------------------+-----
Short Blades   | 2 3 4 5 6 7 |  7.8
Hexes          | 5 6 7 8 |  8.0
Stealth        | 5 6 8 |  8.8
Dodging        | 3 |  3.0
Ice Magic      | 1 2 3 |  3.0
Armour         | 1 2 3 4 5 |  5.0
Spellcasting   | 3 4 |  4.9

Action                   |  1- 3 |  4- 6 |  7- 9 || total
-------------------------+-------+-------+-------++-------
Melee: Dagger            |   108 |   163 |   204 ||   475
       Bite              |     5 |     8 |    19 ||    32
 Cast: Corona            |     9 |       |       ||     9
       Ensorcelled Hiber |    16 |    43 |    52 ||   111
       Confuse           |     1 |     4 |    25 ||    30
       Tukima's Dance    |       |       |     3 ||     3
Invok: Sacrifice Artific |       |       |     1 ||     1
       Reject Sacrifices |       |       |     1 ||     1
 Abil: Bat Form          |       |     1 |     5 ||     6
       End Transformatio |       |     1 |     4 ||     5
  Use: Potion            |     1 |     4 |     5 ||    10
       Scroll            |       |     7 |     4 ||    11
 Stab: Sleeping          |    27 |    32 |    42 ||   101
       Distracted        |     1 |       |     3 ||     4
       Confused          |       |     1 |     9 ||    10
Armor: Robe              |    20 |    12 |       ||    32
       Ring mail         |       |    44 |    47 ||    91
Dodge: Dodged            |    62 |    73 |    93 ||   228
